 Dungeon Crawl Stone Soup version 0.29.0-4-gdea44cf6ec (webtiles) character file.

Game seed: 12444700230352655008

6976 qw the Brawler (level 10, -2/98 HPs)
             Began as a Troll Cinder Acolyte on Sept 2, 2022.
             Was a Priest of Ignis.
             Slain by a yak (11 damage)
             ... on level 1 of the Lair of Beasts.
             The game lasted 00:04:49 (9750 turns).

qw the Brawler (Troll Cinder Acolyte)               Turns: 9750, Time: 00:04:50

Health: -2/98      AC: 15    Str: 34    XL:     10   Next: 81%
Magic:  0/10       EV:  9    Int: 10    God:    Ignis [***...]
Gold:   887        SH:  0    Dex:  3    Spells: 11/11 levels left

rFire   + . .      SeeInvis .     - Unarmed
rCold   . . .      Faith    .   (no shield)
rNeg    . . .      Spirit   +   a - +0 robe
rPois   .          Reflect  .   (helmet restricted)
rElec   .          Harm     .   m - +1 cloak
rCorr   +          Rampage  .   (gloves unavailable)
Will    .....                   (boots unavailable)
Stlth   +.........              b - amulet of guardian spirit
HPRegen 1.06/turn               j - +6 ring of strength
MPRegen 0.12/turn               n - ring of resist corrosion

@: about to teleport, fiery-armoured
A: large, unfitting armour, claws 3, regeneration 1, shaggy fur 1, tough skin 1,
iridescent scales 1, clumsy 1
a: Renounce Religion, Fiery Armour, Foxfire Swarm, Rising Flame


You were on level 1 of the Lair of Beasts.
You worshipped Ignis.
Ignis was most pleased with you.
You visited 2 branches of the dungeon, and saw 10 of its levels.
You also visited: Ossuary.

You collected 887 gold pieces.


Innate Abilities, Weirdness & Mutations

You are too large for most types of armour.
You have claws for hands.
Your natural rate of healing is unusually fast.
You are covered in fur. (AC +1)
You have tough skin. (AC +1)
You are partially covered in iridescent scales. (AC +2)
You are clumsy. (Dex -2)


   Skills:
 - Level 6.0 Fighting
 + Level 1.4 Throwing
 - Level 1.0 Armour
 - Level 1.3 Dodging
 - Level 15.0 Unarmed Combat
 - Level 1.0 Spellcasting
 - Level 2.1 Fire Magic


You had 11 spell levels left.
You didn't know any spells.
Your spell library contained the following spells:

 Spells                   Type           Power      Damage    Failure   Level
 Scorch                   Fire           8%         2d5       22%         2

Inventory:

Missiles
 g - 8 boomerangs (quivered)
Armour
 a - a +0 robe (worn)
 m - a +1 cloak (worn)
Jewellery
 b - an amulet of guardian spirit (around neck)
 j - a +6 ring of strength (left claw)
 n - a ring of resist corrosion (right claw)
Scrolls
 c - a scroll of identify
 f - 5 scrolls of teleportation
Potions
 d - a potion of might
 e - a potion of mutation
 h - 2 potions of heal wounds
 i - a potion of resistance
 k - 3 potions of haste
 l - 2 potions of curing

Dungeon Overview and Level Annotations

Branches:
Dungeon (9/15)             Temple (0/1) D:6            Lair (1/5) D:9
    Orc (0/2) D:9         Ossuary (visited)

Altars:
Ashenzari
Cheibriados
Fedhas
Gozag
Nemelex Xobeh
Okawaru
Ru
Yredelemnul
Zin
The Shining One

Shops:
D:7 (

Annotations:
D:2 1 runed translucent door, Crazy Yiuf


Message History

The yak attacks as you move away! The yak barely misses you.
9745 ||| Stepping ~*~*~tactically~*~*~ (outnumbered).
The yak attacks as you move away! The yak gores you.
The yak is burned by your cloak of flames.
The yak is lightly wounded.
The yak attacks as you move away! The yak gores you but does no damage.
The yak is burned by your cloak of flames.
The yak is lightly wounded.
The blink frog blinks!
9746 ||| Stepping ~*~*~tactically~*~*~ (outnumbered).
Found a scroll of identify.
9747 ||| Stepping ~*~*~tactically~*~*~ (outnumbered).
The yak attacks as you move away! The yak gores you but does no damage.
The yak is burned by your cloak of flames.
The yak is lightly wounded.
The blink frog barely misses you.
9748 ||| Stepping ~*~*~tactically~*~*~ (outnumbered).
The blink frog attacks as you move away!
The blink frog hits you!
The blink frog is burned by your cloak of flames.
The blink frog is moderately wounded.
The yak attacks as you move away! The yak gores you but does no damage.
The yak is burned by your cloak of flames.
The yak is lightly wounded.
The blink frog blinks! x2
9749 ||| Stepping ~*~*~tactically~*~*~ (outnumbered).
The blink frog hits you!
The blink frog is burned by your cloak of flames.
The blink frog is lightly wounded.
9750 ||| READING 6 scrolls of teleportation.
As you read the scroll of teleportation, it crumbles to dust.
You feel strangely unstable.
The blink frog hits you but does no damage.
The blink frog is burned by your cloak of flames.
The blink frog is moderately wounded.
The blink frog blinks!
The yak gores you.
The yak is burned by your cloak of flames.
The yak is lightly wounded.
The yak gores you!
You die...

..............
.............
............
.......?...
..........#
..........# #......#
##...@..# +...YYF.#
#.F..F..# ##.....F#
##...F¤.# #.......##
##.$.....#
####........####.#
###.P##....%.........


You could see 2 yaks, a cane toad and 4 blink frogs.

Vanquished Creatures
  2 cane toads (Lair:1)
  A komodo dragon (Lair:1)
  A hornet (D:6)
  A wyvern (D:8)
  7 yaks
  2 wraiths (D:9)
  2 humans (D:7)
  A steam dragon (D:9)
  3 water moccasins
  A black bear (D:4)
  A hornet zombie (D:9)
  An ice beast (D:6)
  2 orc warriors
  A centaur (D:8)
  4 ogres
  2 phantoms
  A kobold brigand (D:9)
  8 bullfrogs
  2 necrophages
  A gnoll sergeant (D:7)
  5 scorpions
  6 wights
  5 killer bees (D:9)
  5 howler monkeys
  2 hounds
  5 orc priests
  A jelly (D:5)
  3 gnoll boudas
  3 iguanas
  6 orc wizards
  8 mummies (Ossuary)
  A howler monkey zombie (D:9)
  5 adders
  15 gnolls
  A shadow imp (D:5)
  A white imp (D:8)
  3 worms
  4 dart slugs
  53 orcs
  7 ball pythons
  6 endoplasms
  A giant cockroach (D:2)
  2 gnoll zombies (Ossuary)
  6 hobgoblins
  7 jackals
  2 quokkas (D:4)
  8 bats
  A frilled lizard (D:3)
  10 goblins
  6 hobgoblin zombies (Ossuary)
  4 kobolds
  5 rats
241 creatures vanquished.

Vanquished Creatures (others)
  A fungus (Lair:1)
1 creature vanquished.

Grand Total: 242 creatures vanquished

Notes
Turn   | Place    | Note
-------+----------+-------------------------------------------
     0 | D:1      | qw the Troll Cinder Acolyte began the quest for the Orb.
     0 | D:1      | Reached XP level 1. HP: 22/22 MP: 1/1
     0 | D:1      | 0 ||| qw: Version: 0.1-a-97-g2dd2ca4
     0 | D:1      | 0 ||| qw: Game counter: 4910
     0 | D:1      | 0 ||| qw: Always use a shield: true
     0 | D:1      | 0 ||| qw: God list: Okawaru
     0 | D:1      | 0 ||| qw: Allow faded altars: false
     0 | D:1      | 0 ||| qw: Do Orc after D:15 true
     0 | D:1      | 0 ||| qw: Do second Lair branch before Depths: true
     0 | D:1      | 0 ||| qw: Lair rune preference: random
     0 | D:1      | 0 ||| qw: Plans: Normal
     0 | D:1      | 0 ||| PLANNING D:1-11
   166 | D:1      | Reached XP level 2. HP: 29/29 MP: 2/2
   269 | D:1      | Found a faded altar of an unknown god.
   563 | D:1      | Reached skill level 4 in Unarmed Combat
   677 | D:1      | 677 ||| Stepping ~*~*~tactically~*~*~ (stealth).
   763 | D:1      | 763 ||| READING 2 scrolls labelled OGOMUORPHETHRE.
   764 | D:1      | 764 ||| READING scroll labelled HECEAKANER.
   765 | D:1      | 765 ||| DRINKING 2 red potions.
   856 | D:2      | Reached XP level 3. HP: 36/36 MP: 3/3
   899 | D:2      | Noticed a phantom
   910 | D:2      | Killed a phantom
   911 | D:2      | Reached skill level 5 in Unarmed Combat
   911 | D:2      | Reached XP level 4. HP: 40/44 MP: 4/4
  1060 | D:2      | Reached XP level 5. HP: 38/50 MP: 5/5
  1274 | D:2      | 1274 ||| Stepping ~*~*~tactically~*~*~ (stealth).
  1275 | D:2      | 1275 ||| Stepping ~*~*~tactically~*~*~ (stealth).
  1334 | D:2      | Reached skill level 6 in Unarmed Combat
  1347 | D:2      | 1347 ||| Stepping ~*~*~tactically~*~*~ (hiding).
  1349 | D:2      | 1349 ||| Stepping ~*~*~tactically~*~*~ (hiding).
  1490 | D:2      | Found a runed translucent door.
  1491 | D:2      | Noticed Crazy Yiuf
  1822 | D:2      | 1822 ||| UPGRADING to +6 ring of strength.
  1823 | D:2      | 1823 ||| READING scroll labelled OMAANK YDEEQIE.
  1823 | D:2      | Identified a scroll of acquirement
  1823 | D:2      | 1823 ||| ACQUIRING amulet of guardian spirit
  1823 | D:2      | Acquired an amulet of guardian spirit
  1825 | D:2      | 1825 ||| UPGRADING to amulet of guardian spirit.
  1830 | D:2      | 1830 ||| READING scroll labelled ISCHYI USCHOZOPT.
  1831 | D:2      | 1831 ||| READING 3 scrolls labelled LAUXUBL EREELL.
  1885 | D:2      | 1885 ||| READING 3 scrolls of identify.
  1885 | D:2      | 1885 ||| IDENTIFYING clear potion
  1886 | D:2      | 1886 ||| READING 2 scrolls of identify.
  1886 | D:2      | 1886 ||| IDENTIFYING smoky sapphire potion
  1887 | D:2      | 1887 ||| DROPPING potion of magic.
  1888 | D:2      | 1888 ||| DROPPING potion of invisibility.
  2235 | D:3      | 2235 ||| Stepping ~*~*~tactically~*~*~ (hiding).
  2634 | D:3      | 2634 ||| READING scroll labelled SOBBUE ZIUGICS.
  2635 | D:3      | 2635 ||| DRINKING 2 sedimented grey potions.
  2636 | D:3      | 2636 ||| READING 2 scrolls of identify.
  2636 | D:3      | 2636 ||| IDENTIFYING metallic inky potion
  2655 | D:4      | Found a sparkling altar of Nemelex Xobeh.
  2680 | D:4      | You fall into a shaft and drop 2 floors!
  2682 | D:6      | Found a staircase to the Ecumenical Temple.
  2729 | D:6      | Reached XP level 6. HP: 31/59 MP: 4/6
  2788 | D:6      | Reached skill level 7 in Unarmed Combat
  2910 | D:6      | Reached skill level 8 in Unarmed Combat
  2910 | D:6      | Reached XP level 7. HP: 63/66 MP: 5/7
  2977 | D:6      | 2977 ||| READING scroll labelled FEMELOLU PINICW.
  2978 | D:6      | 2978 ||| READING 2 scrolls of identify.
  2978 | D:6      | 2978 ||| IDENTIFYING green potion
  2987 | D:5      | Entered Level 5 of the Dungeon
  2988 | D:5      | Found a broken altar of Ashenzari.
  3003 | D:4      | Reached skill level 3 in Fighting
  3096 | D:4      | 3096 ||| Stepping ~*~*~tactically~*~*~ (stealth).
  3111 | D:4      | Reached skill level 9 in Unarmed Combat
  3261 | D:4      | 3261 ||| Stepping ~*~*~tactically~*~*~ (stealth).
  3262 | D:4      | 3262 ||| Stepping ~*~*~tactically~*~*~ (stealth).
  3264 | D:4      | 3264 ||| Stepping ~*~*~tactically~*~*~ (hiding).
  3280 | D:4      | 3280 ||| DRINKING potion of curing.
  3280 | D:4      | 3280 ||| (to cure confusion)
  3282 | D:4      | 3282 ||| INVOKING Fiery Armour.
  3389 | D:4      | Identified the +5 whip of the Sharing Ancients {freeze,
                  | Will+}
  3516 | D:4      | 3516 ||| Stepping ~*~*~tactically~*~*~ (stealth).
  3519 | D:4      | 3519 ||| Stepping ~*~*~tactically~*~*~ (stealth).
  3529 | D:4      | Reached skill level 1 in Dodging
  3578 | D:4      | Reached XP level 8. HP: 75/75 MP: 8/8
  3661 | D:4      | 3661 ||| Stepping ~*~*~tactically~*~*~ (stealth).
  3691 | D:4      | Found a blossoming altar of Fedhas.
  3898 | D:4      | 3898 ||| READING scroll labelled NABUUM CUYCU.
  3984 | D:5      | 3984 ||| Stepping ~*~*~tactically~*~*~ (stealth).
  3985 | D:5      | 3985 ||| Stepping ~*~*~tactically~*~*~ (stealth).
  4000 | D:5      | 4000 ||| Stepping ~*~*~tactically~*~*~ (hiding).
  4046 | D:5      | 4046 ||| Stepping ~*~*~tactically~*~*~ (stealth).
  4049 | D:5      | 4049 ||| FLEEEEING.
  4050 | D:5      | 4050 ||| FLEEEEING.
  4051 | D:5      | 4051 ||| FLEEEEING.
  4052 | D:5      | 4052 ||| FLEEEEING.
  4053 | D:5      | 4053 ||| FLEEEEING.
  4054 | D:5      | 4054 ||| FLEEEEING.
  4055 | D:5      | 4055 ||| FLEEEEING.
  4056 | D:5      | 4056 ||| FLEEEEING.
  4057 | D:5      | 4057 ||| FLEEEEING.
  4058 | D:5      | 4058 ||| FLEEEEING.
  4059 | D:5      | 4059 ||| FLEEEEING.
  4060 | D:5      | 4060 ||| FLEEEEING.
  4061 | D:5      | 4061 ||| FLEEEEING.
  4062 | D:5      | 4062 ||| FLEEEEING.
  4122 | D:5      | Reached skill level 10 in Unarmed Combat
  4201 | D:5      | Found a glowing silver altar of Zin.
  4264 | D:5      | Found a sacrificial altar of Ru.
  4279 | D:5      | 4279 ||| Stepping ~*~*~tactically~*~*~ (stealth).
  4281 | D:5      | 4281 ||| Stepping ~*~*~tactically~*~*~ (stealth).
  4286 | D:5      | 4286 ||| Stepping ~*~*~tactically~*~*~ (hiding).
  4866 | D:5      | 4866 ||| UPGRADING to +0 cloak.
  4871 | D:5      | 4871 ||| READING scroll of enchant armour.
  4871 | D:5      | 4871 ||| ENCHANTING +0 cloak.
  4872 | D:5      | 4872 ||| READING scroll labelled FIFRAN ZUYNOUWNETS.
  4873 | D:5      | 4873 ||| DRINKING 2 metallic amethyst potions.
  4914 | D:6      | 4914 ||| Stepping ~*~*~tactically~*~*~ (hiding).
  4922 | D:6      | 4922 ||| Stepping ~*~*~tactically~*~*~ (hiding).
  5106 | D:6      | Noticed a hornet
  5108 | D:6      | Killed a hornet
  5109 | D:6      | Reached skill level 11 in Unarmed Combat
  5277 | D:6      | Reached XP level 9. HP: 84/84 MP: 9/9
  5646 | D:6      | 5646 ||| READING 3 scrolls of identify.
  5646 | D:6      | 5646 ||| IDENTIFYING fizzy black potion
  5647 | D:6      | 5647 ||| READING 2 scrolls of identify.
  5647 | D:6      | 5647 ||| IDENTIFYING smoky cyan potion
  5648 | D:6      | 5648 ||| DROPPING potion of flight.
  5649 | D:6      | 5649 ||| DROPPING potion of lignification.
  5683 | D:7      | 5683 ||| PLANNING OSSUARY
  5725 | D:7      | 5725 ||| Stepping ~*~*~tactically~*~*~ (stealth).
  5936 | D:7      | 5936 ||| FLEEEEING.
  5937 | D:7      | 5937 ||| FLEEEEING.
  5938 | D:7      | 5938 ||| FLEEEEING.
  5939 | D:7      | 5939 ||| FLEEEEING.
  5940 | D:7      | 5940 ||| FLEEEEING.
  5941 | D:7      | 5941 ||| FLEEEEING.
  5942 | D:7      | 5942 ||| FLEEEEING.
  5946 | D:7      | 5946 ||| Stepping ~*~*~tactically~*~*~ (hiding).
  5951 | D:7      | 5951 ||| INVOKING Fiery Armour.
  5955 | D:7      | Reached skill level 1 in Throwing
  5961 | D:7      | Reached skill level 12 in Unarmed Combat
  6041 | D:7      | Found an opulent altar of Gozag.
  6087 | D:7      | Found a glowing golden altar of the Shining One.
  6155 | D:7      | Found a sand-covered staircase.
  6156 | D:7      | 6156 ||| DROPPING scarf of harm.
  6164 | Ossuary  | Entered an ossuary
  6168 | Ossuary  | 6168 ||| INVOKING Fiery Armour.
  6172 | Ossuary  | 6172 ||| Stepping ~*~*~tactically~*~*~ (outnumbered).
  6174 | Ossuary  | 6174 ||| Stepping ~*~*~tactically~*~*~ (outnumbered).
  6198 | Ossuary  | 6198 ||| Stepping ~*~*~tactically~*~*~ (outnumbered).
  6200 | Ossuary  | 6200 ||| Stepping ~*~*~tactically~*~*~ (outnumbered).
  6201 | Ossuary  | 6201 ||| Stepping ~*~*~tactically~*~*~ (outnumbered).
  6203 | Ossuary  | 6203 ||| Stepping ~*~*~tactically~*~*~ (outnumbered).
  6205 | Ossuary  | 6205 ||| Stepping ~*~*~tactically~*~*~ (outnumbered).
  6361 | Ossuary  | 6361 ||| READING scroll labelled IDDERR ZEAWEPU.
  6362 | Ossuary  | 6362 ||| DRINKING 2 smoky amethyst potions.
  6362 | Ossuary  | Gained mutation: You are partially covered in iridescent
                  | scales. (AC +2) [potion of mutation]
  6362 | Ossuary  | Gained mutation: You are clumsy. (Dex -2) [potion of
                  | mutation]
  6363 | Ossuary  | 6363 ||| DRINKING 3 bubbling brown potions.
  6364 | Ossuary  | 6364 ||| DROPPING 2 potions of degeneration.
  6390 | D:7      | 6390 ||| PLANNING D:1-11
  6443 | D:7      | Found Jyil's Weapon Emporium.
  6460 | D:7      | Found an iron altar of Okawaru.
  7312 | D:8      | 7312 ||| Stepping ~*~*~tactically~*~*~ (stealth).
  7653 | D:8      | 7653 ||| Stepping ~*~*~tactically~*~*~ (hiding).
  7655 | D:8      | 7655 ||| Stepping ~*~*~tactically~*~*~ (hiding).
  7668 | D:8      | Reached skill level 13 in Unarmed Combat
  8238 | D:8      | 8238 ||| READING scroll labelled UHU XUFYGETEO.
  8239 | D:8      | 8239 ||| READING scroll labelled QOUMEE GUDIOM.
  8240 | D:8      | 8240 ||| DRINKING 2 orange potions.
  8341 | D:8      | 8341 ||| READING 2 scrolls of identify.
  8341 | D:8      | 8341 ||| IDENTIFYING coppery potion
  8342 | D:8      | 8342 ||| DROPPING potion of brilliance.
  8343 | D:8      | 8343 ||| DROPPING potion of ambrosia.
  8377 | D:9      | 8377 ||| STAIRDANCE
  8389 | D:9      | 8389 ||| STAIRDANCE
  8431 | D:9      | 8431 ||| STAIRDANCE
  8434 | D:8      | Reached skill level 1 in Armour
  8451 | D:9      | 8451 ||| STAIRDANCE
  8524 | D:9      | Reached XP level 10. HP: 96/96 MP: 10/10
  8529 | D:9      | 8529 ||| INVOKING Fiery Armour.
  8531 | D:9      | 8531 ||| Stepping ~*~*~tactically~*~*~ (outnumbered).
  8532 | D:9      | 8532 ||| Stepping ~*~*~tactically~*~*~ (outnumbered).
  8534 | D:9      | 8534 ||| FLEEEEING.
  8535 | D:9      | 8535 ||| FLEEEEING.
  8536 | D:9      | 8536 ||| FLEEEEING.
  8537 | D:9      | 8537 ||| FLEEEEING.
  8538 | D:9      | 8538 ||| FLEEEEING.
  8539 | D:9      | 8539 ||| FLEEEEING.
  8542 | D:9      | 8542 ||| Stepping ~*~*~tactically~*~*~ (hiding).
  8570 | D:9      | 8570 ||| Stepping ~*~*~tactically~*~*~ (stealth).
  8576 | D:9      | 8576 ||| Stepping ~*~*~tactically~*~*~ (stealth).
  8578 | D:9      | 8578 ||| Stepping ~*~*~tactically~*~*~ (stealth).
  8594 | D:9      | 8594 ||| FLEEEEING.
  8620 | D:9      | 8620 ||| Stepping ~*~*~tactically~*~*~ (stealth).
  8627 | D:9      | 8627 ||| Stepping ~*~*~tactically~*~*~ (outnumbered).
  8632 | D:9      | 8632 ||| Stepping ~*~*~tactically~*~*~ (outnumbered).
  8644 | D:9      | 8644 ||| Stepping ~*~*~tactically~*~*~ (stealth).
  8647 | D:9      | 8647 ||| Stepping ~*~*~tactically~*~*~ (stealth).
  8655 | D:9      | 8655 ||| INVOKING Fiery Armour.
  8657 | D:9      | 8657 ||| Stepping ~*~*~tactically~*~*~ (outnumbered).
  8658 | D:9      | 8658 ||| Stepping ~*~*~tactically~*~*~ (outnumbered).
  8674 | D:9      | 8674 ||| Stepping ~*~*~tactically~*~*~ (stealth).
  8677 | D:9      | 8677 ||| Stepping ~*~*~tactically~*~*~ (hiding).
  8697 | D:9      | 8697 ||| Stepping ~*~*~tactically~*~*~ (stealth).
  8739 | D:9      | Found a staircase to the Orcish Mines.
  8747 | D:9      | 8747 ||| Stepping ~*~*~tactically~*~*~ (stealth).
  8749 | D:9      | 8749 ||| Stepping ~*~*~tactically~*~*~ (stealth).
  8755 | D:9      | 8755 ||| Stepping ~*~*~tactically~*~*~ (outnumbered).
  8970 | D:9      | 8970 ||| Stepping ~*~*~tactically~*~*~ (hiding).
  8974 | D:9      | 8974 ||| Stepping ~*~*~tactically~*~*~ (outnumbered).
  8976 | D:9      | 8976 ||| Stepping ~*~*~tactically~*~*~ (outnumbered).
  8985 | D:9      | Found a staircase to the Lair.
  9083 | D:9      | Reached skill level 14 in Unarmed Combat
  9088 | D:9      | 9088 ||| Stepping ~*~*~tactically~*~*~ (hiding).
  9091 | D:9      | 9091 ||| Stepping ~*~*~tactically~*~*~ (hiding).
  9098 | D:9      | Reached skill level 6 in Fighting
  9102 | D:9      | 9102 ||| INVOKING Fiery Armour.
  9234 | D:9      | Found a basalt altar of Yredelemnul.
  9326 | D:9      | Found a snail-covered altar of Cheibriados.
  9535 | D:9      | 9535 ||| PLANNING LAIR
  9535 | D:9      | 9535 ||| UPGRADING to ring of resist corrosion.
  9536 | D:9      | 9536 ||| READING scroll labelled HEGITS PO NOV.
  9637 | D:9      | 9637 ||| READING 2 scrolls of identify.
  9637 | D:9      | 9637 ||| IDENTIFYING lumpy red potion
  9638 | D:9      | 9638 ||| DROPPING potion of attraction.
  9671 | Lair:1   | Entered Level 1 of the Lair of Beasts
  9671 | Lair:1   | Noticed a cane toad
  9672 | Lair:1   | 9672 ||| INVOKING Fiery Armour.
  9679 | Lair:1   | Killed a cane toad
  9714 | Lair:1   | Noticed a cane toad
  9719 | Lair:1   | 9719 ||| Stepping ~*~*~tactically~*~*~ (outnumbered).
  9720 | Lair:1   | 9720 ||| Stepping ~*~*~tactically~*~*~ (outnumbered).
  9721 | Lair:1   | 9721 ||| Stepping ~*~*~tactically~*~*~ (outnumbered).
  9722 | Lair:1   | 9722 ||| Stepping ~*~*~tactically~*~*~ (outnumbered).
  9723 | Lair:1   | 9723 ||| Stepping ~*~*~tactically~*~*~ (outnumbered).
  9724 | Lair:1   | 9724 ||| Stepping ~*~*~tactically~*~*~ (outnumbered).
  9725 | Lair:1   | 9725 ||| Stepping ~*~*~tactically~*~*~ (outnumbered).
  9728 | Lair:1   | 9728 ||| Stepping ~*~*~tactically~*~*~ (outnumbered).
  9729 | Lair:1   | 9729 ||| Stepping ~*~*~tactically~*~*~ (outnumbered).
  9731 | Lair:1   | 9731 ||| Stepping ~*~*~tactically~*~*~ (outnumbered).
  9733 | Lair:1   | 9733 ||| Stepping ~*~*~tactically~*~*~ (outnumbered).
  9734 | Lair:1   | 9734 ||| Stepping ~*~*~tactically~*~*~ (outnumbered).
  9735 | Lair:1   | 9735 ||| Stepping ~*~*~tactically~*~*~ (outnumbered).
  9737 | Lair:1   | Killed a cane toad
  9738 | Lair:1   | 9738 ||| Stepping ~*~*~tactically~*~*~ (outnumbered).
  9739 | Lair:1   | 9739 ||| Stepping ~*~*~tactically~*~*~ (outnumbered).
  9740 | Lair:1   | 9740 ||| Stepping ~*~*~tactically~*~*~ (outnumbered).
  9742 | Lair:1   | Reached skill level 15 in Unarmed Combat
  9742 | Lair:1   | 9742 ||| Stepping ~*~*~tactically~*~*~ (outnumbered).
  9742 | Lair:1   | Noticed a cane toad
  9743 | Lair:1   | 9743 ||| Stepping ~*~*~tactically~*~*~ (outnumbered).
  9744 | Lair:1   | 9744 ||| Stepping ~*~*~tactically~*~*~ (outnumbered).
  9745 | Lair:1   | 9745 ||| Stepping ~*~*~tactically~*~*~ (outnumbered).
  9746 | Lair:1   | 9746 ||| Stepping ~*~*~tactically~*~*~ (outnumbered).
  9747 | Lair:1   | 9747 ||| Stepping ~*~*~tactically~*~*~ (outnumbered).
  9748 | Lair:1   | 9748 ||| Stepping ~*~*~tactically~*~*~ (outnumbered).
  9748 | Lair:1   | HP: 24/98 [blink frog (12)]
  9749 | Lair:1   | 9749 ||| Stepping ~*~*~tactically~*~*~ (outnumbered).
  9750 | Lair:1   | 9750 ||| READING 6 scrolls of teleportation.
  9750 | Lair:1   | HP: 9/98 [yak (5)]
  9750 | Lair:1   | Slain by a yak

Levels and vault maps discovered:
D:1:      nagdon_arrival_double_spiral, layout_basic,
          hellmonk_ecumenical_altar_blasted
D:2:      layout_basic, uniq_crazy_yiuf_cottage
D:3:      layout_basic, minivault_4, serial_park_tiny_2, roderic_serpentine_path
D:4:      layout_loops_corners, nemelex_xobeh_ov_fountains_minmay,
          fedhas_altar_1
D:5:      layout_loops_ring, hangedman_ru_absence, zin_treasury,
          mainiacjoe_overflow_small_starburst
D:6:      layout_basic, minmay_temple_entry_nine_rooms
D:7:      layout_basic, kennysheep_mini, okawaru_humans, kennysheep_mini_moat,
          serial_shops, nicolae_shop_stone, enter_ossuary_1
D:8:      layout_layer_cave, eino_small_chamber_without_monster
D:9:      layout_roguey [special_room_orc], lemuel_zombie_altar_yredelemnul,
          cheibriados_altar_1, lair_entry_dummy, orc_0_dummy, serial_rivers,
          chequers_serial_rivers_micro_e, chequers_serial_rivers_large_a,
          chequers_serial_rivers_room_a, chequers_serial_rivers_small_b
Lair:1:   layout_regular_city, patterned_corridor, uniq_gastronok

Skill      XL: |  1  2  3  4  5  6  7  8  9 10 |
---------------+-------------------------------+-----
Unarmed Combat | 4 5 6 8 9 11 13 15 | 15.0
Fighting       | 3 4 5 6 |  6.0
Dodging        | 1 |  1.3
Throwing       | 1 |  1.4
Armour         | 1 |  1.0
Spellcasting   | |  1.0
Fire Magic     | |  2.1

Action                   |  1- 3 |  4- 6 |  7- 9 | 10-12 || total
-------------------------+-------+-------+-------+-------++-------
Melee: Unarmed           |    76 |   132 |   274 |   128 ||   610
       Punch             |       |     2 |     5 |     3 ||    10
Throw: Boomerang         |       |       |    39 |    35 ||    74
Invok: Fiery Armour      |       |       |     3 |     4 ||     7
  Use: Scroll            |     2 |     7 |    11 |     3 ||    23
       Potion            |     1 |     1 |     5 |       ||     7
Armor: Robe              |    31 |    35 |    63 |    55 ||   184
Dodge: Dodged            |    30 |    56 |    79 |    46 ||   211

Table legend:
 A = Non-vault XP
 B = Vault XP
 C = Vault XP percentage of total XP
 D = Non-vault monster count
 E = Vault monster count
 F = Vault count percentage of total count
                 A         B        C        D         E       F
            +---------+---------+-------+---------+---------+-------
      Total |    9031 |     935 |   9.4 |     196 |      45 |  18.7
            +---------+---------+-------+---------+---------+-------
        D:1 |      33 |       0 |   0.0 |      21 |       0 |   0.0
        D:2 |     207 |       0 |   0.0 |      27 |       0 |   0.0
        D:3 |     102 |       0 |   0.0 |      16 |       0 |   0.0
        D:4 |     773 |       0 |   0.0 |      25 |       0 |   0.0
        D:5 |     659 |       0 |   0.0 |      14 |       0 |   0.0
        D:6 |    1282 |       0 |   0.0 |      18 |       0 |   0.0
        D:7 |     709 |     392 |  35.6 |      18 |       2 |  10.0
        D:8 |    1143 |       0 |   0.0 |      21 |       0 |   0.0
        D:9 |    2261 |     387 |  14.6 |      29 |      27 |  48.2
     Lair:1 |    1862 |       0 |   0.0 |       7 |       0 |   0.0
    Ossuary |       0 |     156 | 100.0 |       0 |      16 | 100.0
            +---------+---------+-------+---------+---------+-------
